 Dungeon Crawl Stone Soup version 0.26-a0-1139-g7d2dc893a1 (webtiles) character file.

Game seed: 8600175373690032444

285450 uibert the Earth Mage (level 20, -9/120 HPs)
             Began as a Gargoyle Earth Elementalist on Dec 19, 2020.
             Was a High Priest of Sif Muna.
             Killed from afar by a hellion (39 damage)
             ... with damnation
             ... on level 2 of the Abyss on Dec 21, 2020.
             The game lasted 07:55:26 (72522 turns).

uibert the Earth Mage (GrEE)                       Turns: 72522, Time: 07:55:26

Health: -9/120     AC: 28    Str: 17    XL:     20   Next: 61%
Magic:  50/54      EV: 17    Int: 28    God:    Sif Muna [*****.]
Gold:   3762       SH: 10    Dex: 14    Spells: 8/43 levels left

rFire    . . .     SeeInvis .   I - +12 war axe "Befyomn" {vamp, Dex+4}
rCold    . . .     Faith    .   G - +0 buckler
rNeg     + + .     Spirit   .   l - +0 troll leather armour
rPois    ∞         Reflect  +   T - +1 helmet "Cunt" {*Drain Regen+ rCorr Int+4}
rElec    +         Harm     .   Y - +2 cloak
rCorr    +         Rampage  .   D - +0 pair of gloves of Least Resistance {rN+}
Will     +....                  t - +0 pair of boots
Stlth    +++++.....             O - amulet of reflection
HPRegen  1.10/turn              L - ring of magical power
MPRegen  0.34/turn              K - ring of magical power

@: about to teleport, flying
A: big wings, icy blue scales 1, clever 2, deformed body, negative energy
resistance 1, electricity resistance, unbreathing, petrification resistance,
miasma immunity, AC +15
}: 2/15 runes: decaying, gossamer
a: Stop Flying, Renounce Religion, Channel Magic, Forget Spell, Divine Exegesis


You were on level 2 of the Abyss.
You worshipped Sif Muna.
Sif Muna was extremely pleased with you.
You visited 7 branches of the dungeon, and saw 35 of its levels.
You visited the Abyss 2 times.
You also visited: Sewer and Ice Cave.

You collected 5317 gold pieces.
You spent 1555 gold pieces at shops.

Inventory:

Hand Weapons
 z - the +7 dagger of Brawling {flame, MP+9}
   (You found it on level 5 of the Dungeon)

   It has been specially enchanted to burn those struck by it, causing extra
   injury to most foes and up to half again as much damage against particularly
   susceptible opponents.
   It affects your magic capacity (+9).
 I - the +12 war axe "Befyomn" (weapon) {vamp, Dex+4}
   (You found it on level 13 of the Dungeon)

   It inflicts no extra harm, but heals its wielder when it wounds a living foe.
   It affects your dexterity (+4).
 R - a +7 dire flail of venom
Missiles
 a - 6 datura-tipped darts
 b - 844 stones
 v - 142 poisoned darts (quivered)
Armour
 d - the +0 leather armour of Jigsaw {Harm rElec rF+ Str-4}
   (You found it on level 1 of the Elven Halls)

   It affects your strength (-4).
   It protects you from fire.
   It insulates you from electricity.
   It increases damage dealt and taken.
 l - a +0 troll leather armour (worn)
 t - a +0 pair of boots (worn)
 D - the +0 pair of gloves of Least Resistance (worn) {rN+}
   (You took it off Nikola on level 3 of the Spider Nest)

   It protects you from negative energy.
 G - a +0 buckler (worn)
 T - the +1 helmet "Cunt" (worn) {*Drain Regen+ rCorr Int+4}
   (You found it on level 1 of the Lair of Beasts)

   It affects your intelligence (+4).
   It increases your rate of regeneration.
   It provides partial protection from all sources of acid and corrosion.
   It causes draining when unequipped.
 Y - a +2 cloak (worn)
Jewellery
 f - an uncursed ring of see invisible
 m - an uncursed ring of positive energy
 B - an uncursed ring of ice
 K - a ring of magical power (right hand)
 L - a ring of magical power (left hand)
 M - an uncursed amulet of the acrobat
 O - an amulet of reflection (around neck)
 S - a +4 ring of evasion
Wands
 p - a wand of acid (23)
 A - a wand of paralysis (24)
 C - a wand of disintegration (17)
 E - a wand of enslavement (33)
 J - a wand of iceblast (18)
 Q - a wand of polymorph (28)
 U - a wand of flame (15)
 V - a wand of random effects (110)
 X - a wand of digging (4)
Scrolls
 e - 8 scrolls of magic mapping
 h - 4 scrolls of identify
 i - 3 scrolls of silence
 j - 11 scrolls of teleportation
 n - a scroll of summoning
 q - 7 scrolls of blinking
 r - 4 scrolls of fear
 s - 15 scrolls of remove curse
 u - 2 scrolls of enchant armour
 y - 8 scrolls of amnesia
 H - 2 scrolls of fog
 P - a scroll of brand weapon
Potions
 c - 2 potions of invisibility
 g - 2 potions of resistance
 k - 5 potions of brilliance
 o - 7 potions of might
 w - 2 potions of heal wounds
 x - 13 potions of curing
 F - 5 potions of haste
 N - 7 potions of ambrosia
 W - a potion of magic
 Z - a potion of mutation


   Skills:
 + Level 11.3 Fighting
 - Level 2.3 Short Blades
 + Level 4.8 Axes
 - Level 7.1 Armour
 - Level 8.3 Dodging
 + Level 12.8 Stealth
 - Level 4.4 Shields
 * Level 12.3 Spellcasting
 * Level 14.2 Conjurations
 + Level 6.1 Translocations
 - Level 3.0 Transmutations
 * Level 13.5 Fire Magic
 * Level 18.0 Earth Magic
 + Level 10.7 Invocations
 + Level 7.2 Evocations


You had 8 spell levels left.
You knew the following spells:

 Your Spells              Type           Power        Failure   Level
a - Sandblast             Erth           100%         0%          1
b - Stone Arrow           Conj/Erth      100%         0%          3
c - Passwall              Tmut/Erth      55%          1%          2
d - Lee's Rapid Deconstr  Erth           43%          1%          5
e - Fireball              Conj/Fire      38%          1%          5
f - Conjure Flame         Conj/Fire      76%          1%          3
g - Iskenderun's Mystic   Conj/Tloc      65%          1%          4
h - Bolt of Magma         Conj/Fire/Erth 40%          1%          5
i - Blink                 Tloc           N/A          1%          2
j - Borgnjor's Vile Clut  Necr/Erth      30%          2%          5

Your spell library contained the following spells:

 Spells                   Type           Power        Failure   Level
 Foxfire                  Conj/Fire      100%         0%          1
 Magic Dart               Conj           100%         0%          1
 Searing Ray              Conj           100%         0%          2
 Beastly Appendage        Tmut           68%          1%          1
 Shock                    Conj/Air       100%         1%          1
 Wereblood                Tmut           34%          1%          2
 Dazzling Flash           Conj/Hex       100%         1%          3
 Gell's Gravitas          Tloc           25%          1%          3
 Ignite Poison            Fire/Tmut/Pois 48%          1%          3
 Inner Flame              Hex/Fire       53%          1%          3
 Lesser Beckoning         Tloc           25%          1%          3
 Mephitic Cloud           Conj/Pois/Air  43%          1%          3
 Static Discharge         Conj/Air       55%          1%          3
 Teleport Other           Tloc           51%          1%          3
 Fulminant Prism          Conj/Hex       27%          1%          4
 Hailstorm                Conj/Ice       55%          1%          4
 Leda's Liquefaction      Hex/Erth       30%          1%          4
 Petrify                  Tmut/Erth      66%          1%          4
 Sticky Flame             Conj/Fire      76%          1%          4
 Iskenderun's Battlesphe  Conj           77%          1%          5
 Iron Shot                Conj/Erth      41%          1%          6
 Starburst                Conj/Fire      38%          1%          6
 Passage of Golubria      Tloc           N/A          2%          4
 Animate Skeleton         Necr           34%          3%          1
 Corona                   Hex            18%          3%          1
 Freeze                   Ice            68%          3%          1
 Pain                     Necr           68%          3%          1
 Irradiate                Conj/Tmut      30%          3%          5
 Corpse Rot               Necr/Air       N/A          5%          2
 Poisonous Vapours        Pois/Air       34%          5%          2
 Swiftness                Air            17%          5%          2
 Lightning Bolt           Conj/Air       27%          5%          5
 Spider Form              Tmut/Pois      12%          6%          3
 Orb of Destruction       Conj           38%          9%          7
 Call Canine Familiar     Summ           17%          11%         3
 Confusing Touch          Hex            17%          11%         3
 Frozen Ramparts          Ice            34%          11%         3
 Ozocubu's Armour         Ice            17%          11%         3
 Ice Form                 Ice/Tmut       25%          19%         4
 Blade Hands              Tmut           17%          28%         5
 Summon Forest            Summ/Tloc      17%          28%         5
 Conjure Ball Lightning   Conj/Air       27%          30%         6
 Lehudib's Crystal Spear  Conj/Erth      41%          30%         8
 Airstrike                Air            8%           34%         4
 Summon Ice Beast         Ice/Summ       17%          34%         4
 Yara's Violent Unravell  Hex/Tmut       12%          47%         5
 Freezing Cloud           Conj/Ice/Air   21%          61%         6
 Ignition                 Fire           37%          67%         8
 Excruciating Wounds      Necr           8%           69%         5
 Metabolic Englaciation   Hex/Ice        8%           69%         5
 Silence                  Hex/Air        8%           69%         5
 Hydra Form               Tmut           17%          85%         6
 Spellforged Servitor     Conj/Summ      27%          86%         7
 Eringya's Noxious Bog    Tmut/Pois      12%          96%         6
 Death Channel            Necr           8%           99%         6
 Ozocubu's Refrigeration  Ice            8%           99%         6
 Shadow Creatures         Summ           N/A          99%         6
 Haunt                    Necr/Summ      8%           100%        7
 Summon Greater Demon     Summ           8%           100%        7
 Summon Hydra             Summ           8%           100%        7
 Chain Lightning          Conj/Air       27%          100%        8
 Shatter                  Erth           43%          92%         9
 Absolute Zero            Ice            8%           100%        9
 Dragon's Call            Summ           8%           100%        9
 Fire Storm               Conj/Fire      38%          100%        9
 Sublimation of Blood     Necr           Unusable     N/A         2
 Statue Form              Tmut/Erth      Unusable     N/A         6

Dungeon Overview and Level Annotations

Branches:
Dungeon (15/15)            Temple (1/1) D:7            Lair (6/6) D:9
  Swamp (4/4) Lair:2       Spider (4/4) Lair:3          Orc (2/2) D:11
    Elf (3/3) Orc:2        Vaults (0/5) D:14         Depths (0/5) D:15
  Sewer (visited)           IceCv (visited)
  Slime: Lair:5-6

Altars:
Ashenzari
Cheibriados
Dithmenos
Elyvilon
Fedhas
Gozag
Hepliaklqana
Kikubaaqudgha
Makhleb
Nemelex Xobeh
Okawaru
Qazlal
Ru
Sif Muna
Trog
Uskayaw
Vehumet
Wu Jian
Xom
Yredelemnul
Zin
The Shining One
Beogh

Shops:
D:9 }(   D:10 (   Orc:2 ([*:   Elf:1 [=   Elf:2 *}:!

Annotations:
D:4 Menkaure
Spider:2 exclusion: queen ant
Elf:1 1 runed translucent door, Nuulonny's ghost, journeyman MiHu
Elf:3 3 runed translucent doors, exclusion: obsidian statue


Innate Abilities, Weirdness & Mutations

You are resistant to torment.
Your stone body is resilient. (AC +15)
You are immune to poison.
Your large and strong wings let you fly indefinitely.
You resist negative energy. (rN+)
You are resistant to electric shocks. (rElec)
You can survive without breathing.
You are immune to petrification.
You are immune to miasma.
You are partially covered in icy blue scales. (AC +2)
Your mind is very acute. (Int +4)
Armour fits poorly on your strangely shaped body.


Message History

Confirm with . or Enter, or press ? or * to list all spells.
Aiming: Bolt of Magma (mildly dangerous; 1% risk of failure)
Press: ? - help, Shift-Dir - straight line, f - hellion
Aim: a hellion (lightly wounded, 26% to evade)
The bolt of magma misses the hellion.
The hellion misses you.
You hit the hellion.
The hellion is moderately wounded.
The hellion gestures at you.
The sphere of damnation explodes!
The damnation engulfs you!!
The damnation engulfs the hellion.
The hellion completely resists.
As you read the scroll of teleportation, it crumbles to dust.
You feel strangely unstable.
You feel the power of the Abyss delaying your translocation!
The hellion gestures at you.
The sphere of damnation explodes!
The damnation engulfs you!!
* * * LOW HITPOINT WARNING * * *
The damnation engulfs the hellion.
The hellion completely resists.
The hellion gestures at you.
The sphere of damnation explodes!
The damnation engulfs you!!!
You die...

.. ..
########. .
#.......#
#.#........
.#........
...#...#.
#2#......
#@x......
#.......#
#.......# # #
#.......#
##..##....X...
#............#
####.#.####..#
#.#... ..# ..#
#.#..#.# .#


You could see a tentacled starspawn, a hellion and a small abomination.

Vanquished Creatures
  Mara (Elf:3)
  Nikola (Spider:3)
  Jorgrun (Spider:3)
  2 deep elf blademasters
  Asterion (Elf:3)
  2 deep elf master archers (Elf:3)
  Kirke (D:15)
  Donald (Swamp:4)
  A thorn hunter (Swamp:4)
  Roxanne (D:15)
  6 deep elf sorcerers
  2 ghost moths (Spider:3)
  An orc warlord (Orc:2)
  The ghost of jr88keys the Impaler, a journeyman MfGl of Yredelemnul (D:12)
  7 emperor scorpions
  Louise (Swamp:3)
  6 deep elf elementalists (Elf:3)
  An ironheart preserver (D:14)
  5 deep elf demonologists
  A dire elephant (D:15)
  4 deep elf annihilators (Elf:3)
  4 bunyips
  3 entropy weavers (Spider:2)
  2 spark wasps (Spider:1)
  A minotaur (D:11)
  The ghost of Giavanni the Cleaver, a journeyman HOBe of Trog (Lair:1)
  3 deep elf death magi
  An ettin (Orc:2)
  4 eleionomae
  A quicksilver dragon zombie (Abyss:2)
  A fire dragon (Lair:6)
  The ghost of CabbageHands the Transmogrifier, a journeyman HuTm of Hepliaklqana (D:11)
  3 deep elf high priests
  19 hydras
  4 boulder beetles
  2 ice dragons (IceCv)
  A catoblepas (Lair:2)
  A ghost crab (Swamp:1)
  An ogre mage (D:15)
  5 two-headed ogres
  24 dancing weapons
  A queen ant (Spider:1)
  6 death yaks
  8 alligators
  5 centaur warriors
  4 tengu warriors
  Urug (Lair:4)
  A thrashing horror (Abyss:2)
  5 orc high priests
  15 deep elf knights
  A shadow wraith (Abyss:2)
  The ghost of hehateme the Carver, a novice GnWn of Gozag (D:9)
  A sixfirhy (Abyss:2)
  2 goliath frogs
  A flayed ghost (D:13)
  5 unseen horrors
  3 spriggan druids
  10 swamp dragons
  2 wizards
  An orange crystal statue (Lair:1)
  3 bog bodies
  12 deep elf archers
  2 lindwurms
  Pikel (D:7)
  6 orc knights
  A wolf spider zombie (D:14)
  45 deep elf magi
  5 necromancers (Elf:1)
  5 orc sorcerers
  6 ugly things
  21 wolf spiders
  16 orb spiders
  5 cyclopes
  7 oklob plants
  3 will-o-the-wisps
  A manticore (D:15)
  A moth of wrath (Spider:4)
  A salamander (D:15)
  5 elephants
  8 black mambas
  2 ice statues (IceCv)
  3 molten gargoyles (Lair:6)
  3 gargoyles
  A torpor snail (Spider:1)
  4 cane toads
  Maggie (Lair:1)
  A kobold demonologist (D:13)
  3 rime drakes
  A redback zombie (D:15)
  14 komodo dragons
  12 demonic crawlers
  An ice devil (Abyss:2)
  3 meliai (D:15)
  2 bloated husks
  38 jumping spiders
  A polar bear (Lair:3)
  3 trolls
  A queen bee (shapeshifter) (D:15)
  12 hornets
  A hornet (shapeshifter) (D:13)
  9 tyrant leeches
  6 large abominations
  3 slime creatures (D:13)
  4 dream sheep (Lair:5)
  7 raiju (Abyss:2)
  18 blink frogs
  4 air elementals
  72 redbacks
  4 water elementals
  13 spriggans
  3 shadows
  7 wyverns
  2 small abominations (Abyss:2)
  63 yaks
  5 wraiths
  27 tarantellas
  4 hogs (D:15)
  A human (D:15)
  5 basilisks
  3 steam dragons
  8 vampire mosquitoes
  A spatial vortex (Abyss:2)
  An acid dragon (D:11)
  15 swamp worms
  4 wargs (Orc:2)
  4 hell hounds
  18 soldier ants
  A meliai simulacrum (D:14)
  7 water moccasins
  40 orc warriors
  4 sky beasts
  3 black bears
  8 swamp drakes
  2 eyes of draining
  An eye of draining (shapeshifter) (D:13)
  17 ice beasts
  7 necrophages
  7 phantoms
  33 wolves
  8 ogres
  13 centaurs
  4 lemures (D:7)
  2 elf zombies
  5 big kobolds
  26 bullfrogs
  An earth elemental (Elf:2)
  2 wyvern zombies
  A gnoll sergeant (D:5)
  4 wyvern skeletons
  3 scorpions
  A troll zombie (D:8)
  6 killer bees
  27 wights
  2 howler monkeys
  6 electric eels
  5 lava snakes (Lair:6)
  2 bullfrog zombies
  9 centaur zombies
  2 jellies
  2 quasits
  14 orc priests
  6 hounds
  34 orc wizards
  7 centaur skeletons
  2 bullfrog skeletons
  Terence (D:2)
  A human skeleton (D:8)
  3 human zombies (D:8)
  Jessica (D:2)
  3 iguanas
  22 worker ants
  Natasha (thrice) (D:2)
  An ogre zombie (D:8)
  A hound zombie (D:6)
  A hound skeleton (D:4)
  A mummy (D:8)
  2 worker ant zombies
  9 gnolls
  15 adders
  2 shadow imps
  14 white imps
  2 ufetubi
  An ooze (Sewer)
  2 adder skeletons
  2 worms (D:2)
  A dart slug (D:4)
  9 leopard geckos
  93 orcs
  5 ball pythons
  10 bats
  6 giant cockroaches
  8 goblins
  8 hobgoblins
  17 jackals
  24 kobolds
  6 quokkas
  8 frilled lizards
  A leopard gecko zombie (D:6)
  An orc zombie (D:8)
  A quokka zombie (D:6)
  5 rats
  A bush (Lair:4)
1389 creatures vanquished.

Vanquished Creatures (others)
  2 jumping spiders
  A redback (Spider:1)
  A human (D:15)
  2 small abominations (Abyss:2)
  A quasit (Abyss:2)
  10 foxfires
  59 fungi
  53 plants
  8 starspawn tentacles (Abyss:2)
137 creatures vanquished.

Grand Total: 1526 creatures vanquished

Notes
Turn   | Place    | Note
-------+----------+-------------------------------------------
     0 | D:1      | uibert the Gargoyle Earth Elementalist began the quest for
                  | the Orb.
     0 | D:1      | Reached XP level 1. HP: 10/10 MP: 3/3
   168 | D:1      | Reached skill level 4 in Earth Magic
   222 | D:1      | Reached XP level 2. HP: 11/15 MP: 0/5
  1122 | D:2      | Found a hide-covered altar of Uskayaw.
  1125 | D:2      | Noticed a +0 hand axe
  1126 | D:2      | Noticed a +0 dagger
  1227 | D:2      | Reached skill level 5 in Earth Magic
  1227 | D:2      | Reached XP level 3. HP: 18/19 MP: 4/6
  1235 | D:2      | Learned a level 3 spell: Stone Arrow
  1634 | D:2      | Noticed Jessica
  1727 | D:2      | Noticed Natasha
  1739 | D:2      | Killed Natasha
  1740 | D:2      | Reached skill level 6 in Earth Magic
  1740 | D:2      | Reached XP level 4. HP: 6/24 MP: 0/7
  1960 | D:2      | Noticed Natasha
  1995 | D:2      | Killed Natasha
  2352 | D:2      | Killed Jessica
  2353 | D:2      | Reached XP level 5. HP: 28/28 MP: 6/8
  2458 | D:2      | Noticed Natasha
  2465 | D:2      | Killed Natasha
  2466 | D:2      | Reached skill level 1 in Conjurations
  2776 | D:2      | Found a sacrificial altar of Ru.
  2813 | D:2      | Noticed Terence
  2822 | D:2      | Killed Terence
  3109 | D:3      | Reached XP level 6. HP: 24/32 MP: 9/9
  3254 | D:3      | Found an ancient bone altar of Kikubaaqudgha.
  3813 | D:4      | Noticed Menkaure
  3904 | D:4      | Reached skill level 7 in Earth Magic
  4000 | D:4      | Found a sparkling altar of Nemelex Xobeh.
  4785 | D:5      | Entered Level 5 of the Dungeon
  4787 | D:5      | Noticed a sky beast
  4807 | D:5      | Found a glowing drain.
  4824 | Sewer    | Entered a sewer
  4918 | Sewer    | Reached XP level 7. HP: 34/36 MP: 2/11
  5234 | Sewer    | Reached skill level 1 in Evocations
  5553 | D:5      | Found a glowing silver altar of Zin.
  5717 | D:5      | Reached skill level 1 in Transmutations
  5717 | D:5      | Reached skill level 8 in Earth Magic
  6043 | D:5      | Got a jewelled dagger
  6044 | D:5      | Identified the +7 dagger of Brawling {flame, MP+9} (You
                  | found it on level 5 of the Dungeon)
  6134 | D:5      | Reached XP level 8. HP: 41/41 MP: 13/13
  6571 | D:5      | Found a hazy altar of Hepliaklqana.
  6759 | D:5      | Identified a scroll of acquirement
  6759 | D:5      | Acquired a +1 vampiric demon blade
  7215 | D:6      | Reached skill level 1 in Fighting
  7221 | D:6      | Reached skill level 1 in Short Blades
  7226 | D:6      | Reached skill level 9 in Earth Magic
  7250 | D:6      | Reached skill level 5 in Stealth
  7250 | D:6      | Reached XP level 9. HP: 23/47 MP: 14/14
  8029 | D:7      | Found a staircase to the Ecumenical Temple.
  8134 | Temple   | Entered the Ecumenical Temple
  8188 | Temple   | Became a worshipper of Sif Muna the Loreminder
  8357 | D:7      | Noticed Pikel
  8393 | D:7      | Learned a level 2 spell: Passwall
  8952 | D:7      | Reached skill level 1 in Invocations
  9087 | D:7      | Found a bloodstained altar of Trog.
  9146 | D:7      | Reached skill level 1 in Armour
  9286 | D:7      | Killed Pikel
  9287 | D:7      | Reached skill level 1 in Shields
  9557 | D:8      | Reached XP level 10. HP: 55/55 MP: 7/16
  9658 | D:8      | Reached * piety under Sif Muna
  9852 | D:8      | Learned a level 5 spell: Lee's Rapid Deconstruction
  9858 | D:8      | Learned a level 5 spell: Fireball
  9915 | D:8      | Reached skill level 10 in Earth Magic
 10184 | D:8      | Reached skill level 1 in Fire Magic
 10251 | D:8      | Noticed a death yak
 10769 | D:8      | Found a basalt altar of Yredelemnul.
 11020 | D:8      | Reached skill level 5 in Conjurations
 11363 | D:8      | Reached ** piety under Sif Muna
 11531 | D:8      | Got an ancient ring mail
 11532 | D:8      | Identified the +2 ring mail "Tazayn" {rC- Str+3 Int+6} (You
                  | found it on level 8 of the Dungeon)
 11690 | D:8      | Reached skill level 5 in Spellcasting
 11925 | D:9      | Noticed a death yak
 11951 | D:9      | Found a transporter.
 11956 | D:9      | Got a faintly glowing short sword
 11957 | D:9      | Identified the +6 short sword of the Vestibule of Hell
                  | {flame, Dex+3} (You found it on level 9 of the Dungeon)
 11966 | D:9      | Found a roughly hewn altar of Beogh.
 11966 | D:9      | Found a transporter.
 11975 | D:9      | Noticed a two-headed ogre
 12118 | D:9      | Found Piricu Eder's Gadget Emporium.
 12248 | D:9      | Found Tuesmil's Weapon Shoppe.
 12335 | D:9      | Noticed a death yak
 12402 | D:10     | Entered Level 10 of the Dungeon
 12636 | D:10     | Noticed a two-headed ogre
 12661 | D:10     | Killed a two-headed ogre
 12662 | D:10     | Reached XP level 11. HP: 34/61 MP: 1/18
 13025 | D:10     | Found Fimiups's Weapon Emporium.
 13390 | D:10     | Killed an unseen horror
 13391 | D:10     | Reached skill level 11 in Earth Magic
 14659 | D:11     | You fall into a shaft and drop 3 floors!
 14785 | D:14     | Reached *** piety under Sif Muna
 15006 | D:14     | Got a fabulously ornate robe
 15017 | D:14     | Identified the +5 robe "Icerru" {rElec rC- Will+++ Int+2}
                  | (You found it on level 14 of the Dungeon)
 15053 | D:14     | Found a gate leading to a gauntlet.
 15200 | D:14     | Noticed a five-headed hydra
 15207 | D:14     | Killed a five-headed hydra
 15301 | D:13     | Noticed a boulder beetle
 15481 | D:13     | Noticed a red ugly thing
 15488 | D:13     | Killed a red ugly thing
 15497 | D:13     | Noticed a cyclops
 15618 | D:14     | Killed an unseen horror
 15619 | D:14     | Reached skill level 5 in Fighting
 15793 | D:13     | Killed a cyclops
 15794 | D:13     | Reached skill level 5 in Fire Magic
 15794 | D:13     | Reached XP level 12. HP: 68/68 MP: 8/20
 16136 | D:14     | Found a gate to the Vaults.
 16136 | D:14     | Noticed an ironheart preserver
 16167 | D:14     | Reached skill level 5 in Dodging
 16696 | D:13     | Found a runed translucent gate.
 16699 | D:13     | Noticed jr88keys's ghost (journeyman MfGl)
 16702 | D:13     | Found a runed translucent gate.
 16702 | D:13     | Found a runed translucent gate.
 16772 | D:13     | Noticed a boulder beetle
 17082 | D:15     | Entered Level 15 of the Dungeon
 18287 | D:11     | Reached **** piety under Sif Muna
 18519 | D:11     | Reached skill level 12 in Earth Magic
 18645 | D:11     | Found a staircase to the Orcish Mines.
 18909 | D:11     | Noticed a boulder beetle
 18994 | D:11     | Found a runed translucent gate.
 18995 | D:11     | Found a runed translucent gate.
 18996 | D:11     | Found a runed translucent gate.
 19011 | D:11     | Noticed a minotaur
 19032 | D:11     | Noticed CabbageHands's ghost (journeyman HuTm)
 19538 | D:11     | Reached skill level 5 in Armour
 19554 | D:11     | Reached skill level 5 in Invocations
 19723 | D:11     | Learned a level 3 spell: Conjure Flame
 19838 | D:11     | Noticed a two-headed ogre
 19871 | D:11     | Killed a two-headed ogre
 20857 | D:12     | Noticed a two-headed ogre
 20859 | D:12     | Noticed a boulder beetle
 21361 | D:13     | Noticed a ten-headed hydra
 21552 | D:13     | Gained mutation: Scrolls take you a little longer to read.
                  | [potion of mutation]
 21552 | D:13     | Gained mutation: You expend magic power (3 MP) to
                  | strengthen your wands. [potion of mutation]
 21552 | D:13     | Gained mutation: Your muscles are strong. (Str +2) [potion
                  | of mutation]
 21596 | D:13     | Noticed a centaur warrior
 21605 | D:13     | Killed a centaur warrior
 21608 | D:13     | Reached XP level 13. HP: 53/74 MP: 13/22
 22213 | D:13     | Identified the +7 trident of Zeutoeg {speed, rElec Will+++
                  | Int-3 Dex-4}
 22235 | D:13     | Reached ***** piety under Sif Muna
 22235 | D:13     | Identified Roureth's Tome of Mutagenic Feathers (Sif Muna
                  | gifted it to you on level 13 of the Dungeon)
 22235 | D:13     | Received a gift from Sif Muna
 23519 | D:13     | Reached skill level 13 in Earth Magic
 25254 | D:9      | Found a staircase to the Lair.
 25284 | D:9      | Got a warped bronze ring
 25287 | D:9      | Identified the ring "Measeutei" {*Tele rPois Stlth+} (You
                  | found it on level 9 of the Dungeon)
 25582 | D:9      | Found a runed translucent gate.
 25582 | D:9      | Found a runed translucent gate.
 25582 | D:9      | Found a runed translucent gate.
 25582 | D:9      | Noticed hehateme's ghost (novice GnWn)
 25626 | D:9      | Killed hehateme's ghost
 25654 | D:9      | Lost mutation: Scrolls take you a little longer to read.
                  | [potion of mutation]
 25654 | D:9      | Lost mutation: Your muscles are strong. (Str +2) [potion of
                  | mutation]
 25654 | D:9      | Lost mutation: You expend magic power (3 MP) to strengthen
                  | your wands. [potion of mutation]
 25654 | D:9      | Gained mutation: You are agile. (Dex +2) [potion of
                  | mutation]
 25654 | D:9      | Gained mutation: Armour fits poorly on your strangely
                  | shaped body. [potion of mutation]
 25654 | D:9      | Gained mutation: Your magical capacity is low. (-10% MP)
                  | [potion of mutation]
 25654 | D:9      | Gained mutation: Your mind is acute. (Int +2) [potion of
                  | mutation]
 26008 | Lair:1   | Entered Level 1 of the Lair of Beasts
 26316 | Lair:1   | Noticed Maggie
 26580 | Lair:1   | Gained mutation: Your large and strong wings let you fly
                  | indefinitely. [Gargoyle growth]
 26580 | Lair:1   | Reached XP level 14. HP: 66/82 MP: 2/22
 27003 | Lair:1   | Killed Maggie
 27198 | Lair:1   | Got a faintly glowing long sword
 27200 | Lair:1   | Got a jewelled lajatang
 27202 | Lair:1   | Got a scorched helmet
 27203 | Lair:1   | Identified the +1 helmet "Cunt" {*Drain Regen+ rCorr Int+4}
                  | (You found it on level 1 of the Lair of Beasts)
 27226 | Lair:1   | Identified the +6 lajatang "Qopef" {venom, *Noise rElec
                  | Int+4} (You found it on level 1 of the Lair of Beasts)
 27227 | Lair:1   | Identified the +11 long sword of Masif Iluo {flame, +Inv
                  | rN+ Str-3} (You found it on level 1 of the Lair of Beasts)
 28161 | Lair:2   | Noticed Giavanni's ghost (journeyman HOBe)
 28164 | Lair:2   | Found a transporter.
 28167 | Lair:2   | Found a transporter.
 28227 | Lair:2   | Learned a level 4 spell: Iskenderun's Mystic Blast
 28438 | Lair:2   | Found a staircase to the Swamp.
 29731 | Lair:1   | Killed Giavanni's ghost
 29948 | Lair:2   | Lost mutation: Armour fits poorly on your strangely shaped
                  | body. [potion of mutation]
 29948 | Lair:2   | Lost mutation: Your magical capacity is low. (-10% MP)
                  | [potion of mutation]
 29948 | Lair:2   | Lost mutation: You are agile. (Dex +2) [potion of mutation]
 29948 | Lair:2   | Gained mutation: Armour fits poorly on your strangely
                  | shaped body. [potion of mutation]
 29948 | Lair:2   | Gained mutation: You are partially covered in icy blue
                  | scales. (AC +2) [potion of mutation]
 29948 | Lair:2   | Gained mutation: Your mind is very acute. (Int +4) [potion
                  | of mutation]
 30506 | Lair:3   | Found a frozen archway.
 30723 | Lair:3   | Found a hole to the Spider Nest.
 30778 | IceCv    | Entered an ice cave
 30934 | IceCv    | Reached skill level 14 in Earth Magic
 33268 | Lair:4   | Identified Sif Muna's Tome of the Doomed Mountains (Sif
                  | Muna gifted it to you on level 4 of the Lair of Beasts)
 33268 | Lair:4   | Received a gift from Sif Muna
 33763 | Lair:4   | Noticed Urug
 33788 | Lair:4   | Killed Urug
 34227 | Lair:4   | You are sucked into a shaft and drop 1 floor!
 34244 | Lair:5   | Reached XP level 15. HP: 66/88 MP: 27/27
 34340 | Lair:4   | Reached skill level 10 in Stealth
 36259 | Lair:5   | Reached skill level 10 in Conjurations
 37093 | Lair:6   | Entered Level 6 of the Lair of Beasts
 37659 | Lair:6   | Found a large runed translucent door.
 37659 | Lair:6   | Found a large runed translucent door.
 38134 | Lair:6   | Reached skill level 10 in Fire Magic
 39757 | Lair:1   | Learned a level 5 spell: Bolt of Magma
 40312 | D:11     | Killed CabbageHands's ghost
 40934 | Orc:1    | Entered Level 1 of the Orcish Mines
 41518 | Orc:2    | Entered Level 2 of the Orcish Mines
 42016 | Orc:2    | Found a staircase to the Elven Halls.
 42234 | Orc:2    | Identified Suox's Volume of Unstable Ice (Sif Muna gifted
                  | it to you on level 2 of the Orcish Mines)
 42234 | Orc:2    | Received a gift from Sif Muna
 42243 | Orc:2    | Learned a level 2 spell: Blink
 43341 | Orc:2    | Noticed an orc warlord
 43371 | Orc:2    | Killed an orc warlord
 43805 | Orc:2    | Reached skill level 15 in Earth Magic
 43879 | Orc:2    | Reached XP level 16. HP: 85/95 MP: 2/29
 44129 | Orc:2    | Found Iblynnoe's General Store.
 44174 | Orc:2    | Found Kuydomm's Antique Armour Shoppe.
 44175 | Orc:2    | Found Zuuph's Antique Weapon Emporium.
 44177 | Orc:2    | Found Duas's Book Shoppe.
 44216 | Orc:2    | Bought a faintly humming leather armour for 231 gold pieces
 44226 | Orc:2    | Identified the +3 leather armour "Luaxt" {Rampage rC+
                  | Str+3} (You bought it in a shop on level 2 of the Orcish
                  | Mines)
 44436 | Orc:2    | Upgraded the game from 0.26-a0-1132-ge9770dfcb6 to
                  | 0.26-a0-1139-g7d2dc893a1
 44728 | Swamp:1  | Entered Level 1 of the Swamp
 44902 | Swamp:1  | Reached skill level 1 in Translocations
 45398 | Swamp:1  | Identified Cyloib's Reference Book on Conjuration and
                  | Companions (Sif Muna gifted it to you on level 1 of the
                  | Swamp)
 45398 | Swamp:1  | Received a gift from Sif Muna
 46308 | Swamp:2  | Noticed a tentacled monstrosity
 47364 | Swamp:3  | Noticed Louise
 47420 | Swamp:3  | Killed Louise
 47733 | Swamp:3  | Found a bloodstained altar of Trog.
 48451 | Spider:1 | Entered Level 1 of the Spider Nest
 49604 | Spider:1 | Identified Sif Muna's Guide on Harmful Flames (Sif Muna
                  | gifted it to you on level 1 of the Spider Nest)
 49604 | Spider:1 | Received a gift from Sif Muna
 49850 | Spider:2 | Reached skill level 10 in Spellcasting
 49984 | Spider:2 | Reached XP level 17. HP: 100/100 MP: 31/31
 51555 | Spider:2 | Reached skill level 5 in Evocations
 52169 | Spider:2 | Identified Sif Muna's Papyrus of Harmful Execration (Sif
                  | Muna gifted it to you on level 2 of the Spider Nest)
 52169 | Spider:2 | Received a gift from Sif Muna
 52589 | Spider:3 | Identified the cursed +0 pair of gloves of Least Resistance
                  | {rN+}
 52589 | Spider:3 | Noticed Nikola
 52622 | Spider:3 | Reached skill level 16 in Earth Magic
 52958 | Spider:3 | Noticed Jorgrun
 53088 | Spider:3 | Killed Jorgrun
 53225 | Spider:3 | Killed Nikola
 54270 | D:12     | Killed jr88keys's ghost
 54469 | D:13     | Got a warped war axe
 54474 | D:13     | Identified the +12 war axe "Befyomn" {vamp, Dex+4} (You
                  | found it on level 13 of the Dungeon)
 55042 | D:15     | Noticed Kirke
 55054 | D:15     | Killed Kirke
 55538 | D:15     | Found a sacrificial altar of Ru.
 56239 | D:15     | Noticed Roxanne
 56525 | D:15     | Reached skill level 10 in Fighting
 56764 | D:15     | Reached skill level 1 in Axes
 56796 | D:15     | Reached XP level 18. HP: 107/107 MP: 22/32
 56960 | D:15     | Found a staircase to the Depths.
 57332 | D:15     | Killed Roxanne
 58295 | Orc:2    | Bought a potion of resistance for 150 gold pieces
 58295 | Orc:2    | Bought a scroll of magic mapping for 52 gold pieces
 58295 | Orc:2    | Bought a scroll of remove curse for 45 gold pieces
 58304 | Orc:2    | Bought a polished mace for 192 gold pieces
 58304 | Orc:2    | Identified the +5 mace of Ixtov {venom, rElec rF+ Str-2}
                  | (You bought it in a shop on level 2 of the Orcish Mines)
 59141 | Spider:4 | Entered Level 4 of the Spider Nest
 60025 | Spider:4 | Identified Sif Muna's Reference Book on Heat and Arcane
                  | Weapons (Sif Muna gifted it to you on level 4 of the Spider
                  | Nest)
 60025 | Spider:4 | Received a gift from Sif Muna
 61542 | Spider:4 | Got a gossamer rune of Zot
 61656 | Lair:1   | Acquired 891 gold pieces
 61855 | Swamp:4  | Entered Level 4 of the Swamp
 61927 | Swamp:4  | Noticed Donald
 61931 | Swamp:4  | Killed Donald
 63395 | Swamp:3  | Reached skill level 17 in Earth Magic
 63732 | Swamp:4  | Got a decaying rune of Zot
 64254 | Elf:1    | Entered Level 1 of the Elven Halls
 64266 | Elf:1    | Reached XP level 19. HP: 113/113 MP: 32/34
 64266 | Elf:1    | Received a gift from Sif Muna
 64441 | Elf:1    | Identified the Guide on Darkness
 64456 | Elf:1    | Learned a level 5 spell: Borgnjor's Vile Clutch
 64673 | Elf:1    | Got an ichor-stained leather armour
 64684 | Elf:1    | Identified the cursed +0 leather armour of Jigsaw {Harm
                  | rElec rF+ Str-4} (You found it on level 1 of the Elven
                  | Halls)
 65164 | Elf:1    | Noticed a Brimstone Fiend
 65202 | Elf:1    | Found Xodupnih's Jewellery Shoppe.
 65221 | Elf:1    | Found Okowiked's Armour Boutique.
 65346 | Elf:1    | Reached skill level 5 in Translocations
 65532 | Elf:1    | Reached skill level 10 in Invocations
 65827 | Elf:1    | Found a runed translucent door.
 65827 | Elf:1    | Noticed Nuulonny's ghost (journeyman MiHu)
 65915 | Elf:1    | Bought an uncursed amulet of reflection for 450 gold pieces
 66021 | Elf:2    | Found Yseroed's Book Boutique.
 66794 | Elf:2    | Found Yfejemom's Gadget Shop.
 67257 | Elf:2    | Identified Sif Muna's Reference Book on the Glacier and
                  | Feathers (Sif Muna gifted it to you on level 2 of the Elven
                  | Halls)
 67257 | Elf:2    | Received a gift from Sif Muna
 67298 | Elf:2    | Found Qalebih's Mass Market.
 67385 | Elf:2    | Found Pefuhawe's Distillery.
 67573 | Elf:2    | Found a huge runed translucent gate.
 67573 | Elf:2    | Found a huge runed translucent gate.
 67573 | Elf:2    | Found a huge runed translucent gate.
 67574 | Elf:2    | Found a huge runed translucent gate.
 67600 | Elf:2    | Found a huge runed translucent gate.
 67665 | Elf:2    | Bought a potion of heal wounds for 75 gold pieces
 67665 | Elf:2    | Bought a potion of ambrosia for 120 gold pieces
 67665 | Elf:2    | Bought a potion of ambrosia for 120 gold pieces
 67665 | Elf:2    | Bought a potion of mutation for 120 gold pieces
 69053 | Elf:3    | Entered Level 3 of the Elven Halls
 69206 | Elf:3    | Noticed Mara
 69214 | Elf:3    | Noticed uibert's illusion
 69436 | Elf:3    | Killed Mara
 69437 | Elf:3    | Reached XP level 20. HP: 112/120 MP: 1/36
 69617 | Elf:3    | Noticed Asterion
 69630 | Elf:3    | Killed Asterion
 69898 | Elf:3    | Found a runed translucent gate.
 69899 | Elf:3    | Found a runed translucent gate.
 69900 | Elf:3    | Found an opulent altar of Gozag.
 69900 | Elf:3    | Found a runed translucent gate.
 70428 | Elf:3    | Cast into level 2 of the Abyss (a deep elf demonologist)
 70875 | Abyss:2  | Noticed a bone dragon
 71019 | Elf:3    | Escaped the Abyss
 71605 | Elf:3    | Received a gift from Sif Muna
 71618 | Elf:3    | Reached skill level 18 in Earth Magic
 72342 | Elf:3    | Cast into level 2 of the Abyss (a deep elf sorcerer)
 72522 | Abyss:2  | Killed from afar by a hellion

Illustrated notes

Levels and vault maps discovered:
D:1:      lightli_arrival_flooded_house, layout_loops_ring, serial_bayou_pond_a,
          fountainhead, minmay_misc_feat_tiny
D:2:      cheibrodos_old_hovel, layout_loops_corners, dancing_weapons_uskayaw,
          nicolae_ru_the_path_less_chosen, uniq_natasha, uniq_jessica,
          uniq_terence
D:3:      layout_loops_ring, overflow_temple_1_default
D:4:      layout_rooms, nicolae_overflow_crystal_walls, uniq_menkaure
D:5:      layout_basic, lemuel_crystal_altar, zin_statuary,
          gup_sewer_entry_pipe, nrook_mini_vaults, grunt_ministairs_9
D:6:      layout_basic, chequers_serial_rivers_room_b
D:7:      layout_loops_corners, bloody_trog, minmay_temple_entry_large_hall,
          uniq_pikel
D:8:      argonaut_augean_stables, layout_cave_pools,
          lemuel_mausoleum_altar_yredelemnul
D:9:      gammafunk_beogh_shrine, layout_loops_corners, dpeg_lair_monsters,
          serial_shops, kennysheep_mini, shop, gammafunk_ghost_spectres
D:10:     layout_stronghold, serial_shops, nicolae_shop_trees,
          kennysheep_opposing_triangles
D:11:     layout_long_grid, hiddenorc1_lemuel, maelrawn_ghost_gauntlet_escape
D:12:     layout_stronghold, grunt_tough_drop
D:13:     kennysheep_green_arena, layout_loops_corners,
          gammafunk_ghost_hydra_chop
D:14:     layout_loops_corners, skrybe_vaults_entry_preservation,
          gauntlet_entry_generic, infiniplex_staircase_zigzag_4
D:15:     hangedman_depths_entry_try_elsewhere_first, layout_small_grid,
          basic_altar, roderic_lattice_a, uniq_roxanne, uniq_kirke
Temple:   eino_temple_water
Lair:1:   statuecave_lemuel, layout_small_grid, uniq_maggie
Lair:2:   layout_misc_corridors, swamp_mist, gammafunk_ghost_arena,
          minivault_19, grunt_megastairs_4, minmay_lair_oklob_chamber
Lair:3:   layout_cave_pods, dummy_spider_entry, portal_ice_cave_entry_imps
Lair:4:   layout_gridlike, roderic_carrion_pond, grunt_megastairs_3, uniq_urug
Lair:5:   dpeg_oklob_gauntlet, layout_hall_layers, serial_bayou_shore_b
Lair:6:   cheibrodos_lair_end_hotspot, layout_cave_pods, slime_altar_1,
          columned_hall_lemuel, hangedman_lair_generics_rect, uniq_snorg
Swamp:1:  layout_falls_marsh, hangedman_swamp_cone
Swamp:2:  layout_basic_swamp, evilmike_swamp_ruin_house_2, swamp_pool1
Swamp:3:  layout_basic_swamp, nicolae_swamp_godswood, swamp_pool5, uniq_louise
Swamp:4:  swamp, layout_basic_swamp, uniq_donald
Spider:1: layout_spider_delve
Spider:2: layout_spider_delve, zaba_antful_of_joy
Spider:3: layout_spider_delve, nicolae_spider_nook, uniq_jorgrun, uniq_nikola
Spider:4: grunt_spider_rune_circles
Orc:1:    layout_diamond_mine
Orc:2:    st_orc_congregation, layout_diamond_mine
Elf:1:    layout_geoelf_grid, ebering_ghost_inner_flame, serial_shops, shop,
          hangedman_elf_represent, minmay_shop_grid_forest,
          minmay_misc_feat_pillars, minmay_elf_necromancy
Elf:2:    layout_rooms, serial_shops, shop, shop, nicolae_shop_trees,
          nicolae_elf_m_pinch, serial_sigils_hangedman_scratch,
          minmay_shop_mass, dk_noncrumbling_4, nrook_loot_triangle
Elf:3:    minmay_elf_hall_x, layout_rooms, ebering_ghost_gozag,
          nicolae_twisting_strands, uniq_mara, uniq_asterion
Abyss:2:  base: D:3, hangedman_abyss_exit_choices, base: D:15,
          bh_abyss_exit_choice

Skill      XL: |  1  2  3  4  5  6  7  8  9 10 11 12 13 14 15 16 17 18 19 20 |
---------------+-------------------------------------------------------------+-----
Earth Magic    | 4 5 6 7 8 9 10 11 12 13 14 15 16 17 18 | 18.0
Conjurations   | 1 2 3 4 5 6 7 8 9 10 11 12 13 14 | 14.2
Stealth        | 3 4 5 6 7 8 9 10 11 12 | 12.8
Spellcasting   | 3 4 5 6 7 8 9 10 11 12 | 12.3
Dodging        | 2 3 4 5 6 7 8 |  8.3
Evocations     | 1 2 3 4 5 6 7 |  7.2
Transmutations | 1 2 3 |  3.0
Fighting       | 1 2 4 5 6 7 8 9 10 11 | 11.3
Short Blades   | 1 2 |  2.3
Invocations    | 1 3 4 5 6 7 8 9 10 | 10.7
Armour         | 1 3 4 5 6 7 |  7.1
Shields        | 1 3 4 |  4.4
Fire Magic     | 3 5 6 8 9 10 11 12 13 | 13.5
Translocations | 2 3 4 5 6 |  6.1
Axes           | 1 2 4 |  4.8

Action                   |  1- 3 |  4- 6 |  7- 9 | 10-12 | 13-15 | 16-18 | 19-21 || total
-------------------------+-------+-------+-------+-------+-------+-------+-------++-------
Melee: Whip              |    60 |   116 |    60 |       |       |       |       ||   236
       Dagger            |       |       |   286 |   400 |  1031 |   267 |       ||  1984
       War axe           |       |       |       |       |       |   281 |   150 ||   431
Throw: Dart              |       |       |       |       |     9 |       |       ||     9
 Cast: Sandblast         |    39 |    37 |    23 |     3 |       |    10 |       ||   112
       Stone Arrow       |       |     5 |    55 |   281 |   212 |    63 |     7 ||   623
       Lee's Rapid Decon |       |       |       |    73 |   210 |    63 |   189 ||   535
       Conjure Flame     |       |       |       |    10 |    65 |     5 |     7 ||    87
       Fireball          |       |       |       |       |    90 |   133 |    30 ||   253
       Iskenderun's Myst |       |       |       |       |    44 |    75 |     4 ||   123
       Bolt of Magma     |       |       |       |       |    49 |   379 |    69 ||   497
       Blink             |       |       |       |       |       |     3 |       ||     3
       Borgnjor's Vile C |       |       |       |       |       |       |     1 ||     1
Invok: Channel Magic     |       |       |       |     1 |    18 |     1 |       ||    20
 Abil: Fly               |       |       |       |       |     1 |       |       ||     1
Evoke: Wand              |       |       |     1 |       |     6 |       |       ||     7
  Use: Potion            |     4 |       |     5 |     7 |     5 |       |       ||    21
       Scroll            |       |     5 |     8 |     7 |    14 |     8 |     4 ||    46
 Stab: Sleeping          |       |     1 |     1 |     5 |       |     3 |     1 ||    11
       Distracted        |       |     1 |       |       |     3 |       |     1 ||     5
Armor: Robe              |    24 |    47 |   127 |   215 |   324 |       |       ||   737
       Troll leather arm |       |       |       |       |    36 |   774 |    90 ||   900
Dodge: Dodged            |    52 |    95 |   192 |   319 |   820 |  1196 |   156 ||  2830
Block: Buckler           |       |       |       |    21 |   234 |   303 |   104 ||   662
       Reflection        |       |       |       |       |       |       |    10 ||    10

Table legend: (Time is in decaauts)
 A = Elapsed time spent in this place.
 B = Non-inter-level travel time spent in this place.
 C = Inter-level travel time spent in this place.
 D = Time resting spent in this place.
 E = Time spent auto-exploring this place.
 F = Levels seen in this place.
 G = Mean time per level.
                   A        B        C        D        E       F      G
               +--------+--------+--------+--------+--------+-----+--------+
         Total |  72785 |  64814 |   7971 |  28721 |  11525 |  39 | 1866.3 |
       Dungeon |  31688 |  27386 |   4302 |  10189 |   7036 |  15 | 2112.5 |
        Temple |     70 |      4 |     66 |      0 |      0 |   1 |   70.0 |
          Lair |  12973 |  10821 |   2152 |   4727 |   1985 |   6 | 2162.2 |
         Swamp |   5607 |   5399 |    208 |   2809 |    521 |   4 | 1401.8 |
   Spider Nest |   7739 |   7538 |    201 |   4545 |    819 |   4 | 1934.8 |
  Orcish Mines |   4584 |   3899 |    685 |   1901 |    291 |   2 | 2292.0 |
   Elven Halls |   7413 |   7057 |    356 |   3935 |    395 |   3 | 2471.0 |
         Abyss |    798 |    798 |      0 |    119 |      0 |   2 |  399.0 |
         Sewer |    725 |    725 |      0 |      0 |    421 |   1 |  725.0 |
      Ice Cave |   1183 |   1183 |      0 |    496 |     57 |   1 | 1183.0 |
               +--------+--------+--------+--------+--------+-----+--------+

Top non-repeatable levels by time:
    D:13: 3686 daAuts
   Orc:2: 3382 daAuts
    D:10: 3194 daAuts
  Lair:2: 3108 daAuts
  Lair:1: 2849 daAuts
    D:15: 2833 daAuts
    D:11: 2759 daAuts
   Elf:2: 2575 daAuts
     D:9: 2527 daAuts
   Elf:3: 2519 daAuts
    D:12: 2491 daAuts
Spider:1: 2487 daAuts
    D:14: 2397 daAuts
   Elf:1: 2318 daAuts
     D:7: 2241 daAuts
